 Dungeon Crawl Stone Soup version 0.20.0-10-g0535bb4 (webtiles) character file.

188 JeffiDaFish the Shield-Bearer (level 5, 0/33 HPs)
             Began as a Gargoyle Fighter on June 3, 2017.
             Splashed by Ijyb's acid (14 damage)
             ... on level 3 of the Dungeon.
             The game lasted 00:04:00 (2188 turns).

JeffiDaFish the Shield-Bearer (Gargoyle Fighter)    Turns: 2188, Time: 00:04:00

Health: 0/33       AC: 14    Str: 20    XL:     5   Next: 67%
Magic:  5/5        EV:  7    Int:  8    God:
Gold:   142        SH:  9    Dex: 10    Spells: 4/4 levels left

rFire    + . .     SeeInvis .   a - +0 flail
rCold    . . .     Gourm    .   c - +0 shield
rNeg     + . .     Faith    .   b - +0 scale mail
rPois    ∞         Spirit   .   h - +2 helmet
rElec    +         Reflect  .   (no cloak)
rCorr    .         Harm     .   (no gloves)
MR       .....                  (no boots)
Stlth    ..........             (no amulet)
Regen    0.2/turn               e - ring of protection from fire
MPRegen  0.1/turn               k - ring of loudness

@: no status effects
A: negative energy resistance 1, electricity resistance, unbreathing,
petrification resistance, rot immunity, AC +4
a: no special abilities


You were on level 3 of the Dungeon.
You were not hungry.

You visited 1 branch of the dungeon, and saw 3 of its levels.

You collected 142 gold pieces.

Inventory:

Hand Weapons
 a - a +0 flail (weapon)
Armour
 b - a +0 scale mail (worn)
 c - a +0 shield (worn)
 h - a +2 helmet (worn)
Jewellery
 e - a ring of protection from fire (left hand)
 k - a ring of loudness (right hand)
Scrolls
 i - 2 scrolls of teleportation
 m - 2 scrolls of identify
 o - a scroll of remove curse
Potions
 d - a potion of might
 j - 3 potions of curing
Comestibles
 f - 2 bread rations
 g - 7 chunks of flesh
 l - a royal jelly
 n - a fruit


   Skills:
 + Level 4.1 Fighting
 + Level 4.0 Maces & Flails
 + Level 3.7 Armour
 + Level 0.7 Dodging
 + Level 0.2 Stealth
 + Level 4.1 Shields


You had 4 spell levels left.
You didn't know any spells.

Dungeon Overview and Level Annotations

Branches:
Dungeon (3/15)

Altars:
Xom

Annotations:
D:3 Ijyb


Innate Abilities, Weirdness & Mutations

You are resistant to torment.
Your stone body is resilient. (AC +4)
You are immune to poison.
You resist negative energy. (rN+)
You are resistant to electric shocks. (rElec)
You can survive without breathing.
You are immune to petrification.
You are immune to rotting.


Message History

You block Ijyb's attack.
You thump Ijyb!
Ijyb is heavily wounded.
Ijyb zaps a wand.
The bolt of acid hits you!
You are splashed with acid!
The acid burns!
* * * LOW HITPOINT WARNING * * *
It is a wand of acid (?/15).
You are too injured to fight recklessly!
You are too injured to fight recklessly!
You are too injured to fight recklessly!
You are too injured to fight recklessly!
You are too injured to fight recklessly!
You are too injured to fight recklessly!
You feel better. Ijyb hits you but does no damage.
You feel better. Ijyb barely misses you.
You hit Ijyb but do no damage.
Ijyb is heavily wounded.
Ijyb hits you but does no damage.
Ijyb zaps a wand.
The bolt of acid hits you!
You are splashed with acid!
The acid burns!
You die...

###.###.#### #.# #.# #.#
#.# #.# #.# #.# #. #.#
#. #.. #. ###
#.######### #..
#g@.......# ###.#
..>.....######.#.###...#
#...###.# #.#.....###
#.# #.# #.#####...# .
#.######.###.....#
#######........#..÷.....
.........#.#####.#.#####
######.###.####.#.# #.##
##.....#.#


You could see Ijyb.

Vanquished Creatures
  An orc wizard (D:3)
  Robin (D:2)
  6 adders
  A dart slug (D:1)
  A leopard gecko (D:3)
  2 orcs (D:3)
  2 ball pythons
  7 giant cockroaches
  16 goblins
  10 hobgoblins
  5 jackals
  5 quokkas
  6 bats
  8 kobolds
  9 rats
80 creatures vanquished.

Notes
Turn   | Place    | Note
-------+----------+-------------------------------------------
     0 | D:1      | JeffiDaFish the Gargoyle Fighter began the quest for the Orb.
     0 | D:1      | Reached XP level 1. HP: 14/14 MP: 1/1
   170 | D:1      | Reached XP level 2. HP: 13/19 MP: 2/2
   671 | D:1      | Reached XP level 3. HP: 22/23 MP: 3/3
  1122 | D:2      | Reached XP level 4. HP: 29/29 MP: 4/4
  1284 | D:2      | Noticed Robin
  1315 | D:2      | Killed Robin
  1475 | D:2      | Found a shimmering altar of Xom.
  1839 | D:3      | Reached XP level 5. HP: 28/33 MP: 5/5
  2181 | D:3      | Noticed Ijyb
  2188 | D:3      | Splashed by Ijyb's acid

Skill      XL: |  1  2  3  4  5 |
---------------+----------------+-----
Maces & Flails | 3 4 |  4.0
Fighting       | 4 |  4.1
Shields        | 4 |  4.1
Armour         | |  3.7
Dodging        | |  0.7
Stealth        | |  0.2

Action                   |  1- 3 |  4- 6 || total
-------------------------+-------+-------++-------
Melee: Flail             |   157 |   169 ||   326
  Use: Scroll            |     2 |     3 ||     5
       Potion            |     2 |     3 ||     5
 Stab: Distracted        |       |     1 ||     1
  Eat: Chunk             |     1 |     4 ||     5
Armor: Scale mail        |    75 |    98 ||   173
Dodge: Dodged            |    40 |    64 ||   104
Block: Shield            |    92 |    87 ||   179
